Map: Cerulean Fall LE

Players

Neeblet (Neeb)

  • Race: Protoss Protoss
  • League: Grandmaster
  • Spawn Location: 1:00

Reynor - Winner!

  • Race: Zerg Zerg
  • League: Grandmaster
  • Spawn Location: 7:00

Event: IEM Season 13 - Katowice Server Qualifiers Europe

VOD

Have the link to the VOD?

Description

Time

  • Played on: Jan. 8, 2019, 11:36 a.m.
  • Length: 9:08

All games in this series

Show
View Real Time Build Order
Export as new Build Order

Neeblet Protoss 

Build Orders: 1 Gate Expand, Oracle Opening, Phoenix Opening, Zealot Archon 

Get SALT Encoding   

  12  0:00  Probe  
  13  0:12  Probe  
  14  0:18  Pylon  
  14  0:25  Probe  
  14  0:28  Assimilator  
  15  0:34  Probe  
  16  0:43  Probe  
  16  0:44  Gateway  
  17  0:52  Probe  
  18  1:04  Probe  
  19  1:16  Probe  
  20  1:24  Nexus  
  20  1:35  Cybernetics Core  
  20  1:38  Probe  
  21  1:43  Assimilator  
  21  1:50  Probe  
  21  1:54  Pylon  
  22  2:02  Probe  
  22  2:03  Adept  
  23  2:15  Stargate  
  25  2:18  Probe  
  25  2:21  Adept  
  26  2:25  Warp Gate  
  26  2:31  Probe  
  29  2:38  Probe  
  29  2:44  Probe  
  31  2:46  Adept  
  31  2:50  Probe  
  34  2:54  Oracle  
  34  2:56  Probe  
  35  3:03  Probe  
  39  3:09  Probe  
  40  3:15  Probe  
  40  3:19  Oracle  
  39  3:21  Probe  
  39  3:27  Probe  
  39  3:30  Gateway  
  39  3:32  Adept  
  44  3:37  Pylon  
  44  3:44  Probe, Pylon  
  44  3:48  Probe  
  46  3:49  Phoenix  
  46  3:56  Probe  
  46  4:00  Probe  
  50  4:03  Assimilator  
  50  4:06  Pylon  
  50  4:08  Probe  
  51  4:11  Gateway  
  51  4:12  Probe  
  52  4:18  Assimilator  
  52  4:20  Probe  
  53  4:24  Probe  
  53  4:28  Adept  
  53  4:29  Adept  
  58  4:32  Probe  
  58  4:34  Pylon  
  58  4:36  Probe  
  60  4:44  Robotics Facility  
  60  4:45  Probe  
  60  4:48  Probe  
  62  4:56  Adept x2  
  62  4:58  Probe  
  64  5:01  Probe  
  64  5:05  Twilight Council  
  65  5:14  Nexus  
  65  5:16  Pylon  
  65  5:18  Probe  
  65  5:19  Probe  
  67  5:30  Immortal  
  67  5:32  Adept, Pylon  
  67  5:35  Adept x2  
  73  5:36  Probe  
  78  5:50  Probe  
  78  5:53  Probe  
  78  5:54  Templar Archives  
  78  5:56  Pylon  
  80  6:04  Zealot x2  
  85  6:05  Probe  
  85  6:10  Pylon x2  
  85  6:17  Gateway  
  85  6:18  Gateway  
  86  6:19  Charge  
  86  6:22  Gateway  
  85  6:27  Nexus  
  85  6:34  Gateway  
  85  6:36  Gateway  
  85  6:43  Gateway  
  85  6:49  High Templar  
  85  6:50  High Templar, Zealot  
  91  6:54  Archon  
  91  6:59  Pylon  
  91  7:02  Pylon  
  91  7:05  Warp Prism  
  91  7:08  Pylon  
  91  7:12  High Templar x2  
  91  7:14  Pylon  
  97  7:17  High Templar x2  
  101  7:23  Pylon  
  101  7:24  Archon  
  101  7:25  Archon  
  101  7:31  High Templar x2  
  101  7:32  Zealot  
  101  7:36  Archon  
  107  7:39  Zealot x2  
  111  7:47  Zealot  
  111  7:48  Zealot x2  
  117  7:57  Zealot x3  
  123  8:03  Forge  
  123  8:04  Zealot x3  
  128  8:06  Zealot x2  
  128  8:15  Zealot  
  128  8:16  Zealot x2  
  128  8:25  Observer  
  127  8:32  Zealot x3  
  133  8:34  Zealot x3  
  111  8:50  Zealot  
  111  8:51  Zealot x3  
  111  8:54  Zealot  
  111  8:55  Zealot  
Show
View Real Time Build Order
Export as new Build Order

Reynor Zerg - Winner!

Build Orders: Hatch First 

Get SALT Encoding   

  12  0:00  Drone  
  13  0:12  Overlord  
  13  0:17  Drone  
  14  0:31  Drone x2  
  16  0:49  Hatchery  
  15  0:51  Drone  
  15  0:55  Drone  
  17  0:58  Drone  
  18  1:09  Extractor  
  17  1:14  Spawning Pool  
  17  1:17  Drone  
  17  1:20  Drone  
  18  1:28  Drone  
  19  1:39  Drone  
  20  1:49  Overlord  
  20  2:01  Queen x2  
  20  2:02  Zergling x4  
  26  2:08  Metabolic Boost  
  26  2:11  Drone  
  26  2:14  Drone  
  28  2:22  Drone  
  29  2:23  Drone  
  30  2:38  Hatchery  
  30  2:42  Drone x2  
  31  2:47  Queen  
  33  2:51  Overlord  
  33  2:54  Zergling x2  
  33  2:56  Zergling x2  
  35  3:02  Drone  
  35  3:15  Drone x2  
  35  3:16  Zergling x2, Drone x2  
  35  3:18  Drone  
  39  3:22  Drone  
  39  3:24  Queen  
  42  3:28  Overlord  
  42  3:32  Drone  
  43  3:37  Drone  
  40  3:44  Drone  
  41  3:53  Queen, Drone x2  
  41  3:54  Drone  
  46  3:58  Zergling x4  
  46  4:02  Zergling x2  
  48  4:03  Drone  
  48  4:05  Drone x2  
  48  4:08  Drone  
  52  4:10  Drone  
  52  4:14  Overlord  
  52  4:16  Drone x2  
  55  4:19  Spore Crawler  
  54  4:24  Drone x2  
  54  4:26  Drone  
  54  4:27  Spore Crawler  
  54  4:31  Evolution Chamber  
  55  4:33  Drone x2  
  55  4:36  Drone  
  55  4:37  Spore Crawler  
  57  4:41  Zergling x6  
  57  4:43  Drone  
  57  4:44  Drone  
  62  4:49  Overlord  
  62  4:50  Drone  
  62  4:51  Drone  
  63  4:56  Overlord  
  61  5:03  Overlord, Zerg Melee Weapons Level 1  
  61  5:06  Overlord  
  61  5:10  Queen  
  61  5:11  Zergling x6  
  66  5:16  Zergling x4  
  66  5:17  Zergling x4  
  66  5:19  Zergling x4  
  72  5:21  Drone  
  72  5:27  Drone x2  
  75  5:29  Baneling Nest  
  75  5:31  Zergling x2  
  75  5:36  Drone  
  75  5:37  Drone  
  75  5:40  Overlord  
  77  5:43  Drone x3  
  77  5:45  Drone x3  
  77  5:49  Drone  
  84  5:51  Queen  
  84  5:52  Queen  
  84  5:53  Overlord  
  84  5:56  Zergling x4  
  90  6:00  Zergling x4  
  90  6:02  Overlord  
  92  6:05  Drone  
  92  6:11  Lair, Drone x2  
  94  6:13  Baneling x3  
  94  6:14  Baneling, Drone  
  94  6:15  Extractor, Drone x2  
  94  6:16  Extractor  
  94  6:18  Drone x3  
  96  6:19  Drone  
  96  6:23  Baneling  
  98  6:26  Zergling x10  
  98  6:30  Drone  
  103  6:34  Baneling  
  103  6:35  Queen  
  103  6:36  Overlord, Extractor  
  103  6:37  Spine Crawler  
  103  6:47  Drone x4  
  103  6:49  Extractor, Zergling x4  
  103  6:53  Overlord  
  108  6:54  Hatchery  
  108  6:57  Drone x3  
  108  6:58  Drone  
  108  6:59  Drone  
  108  7:00  Extractor  
  112  7:01  Zergling x8  
  114  7:11  Spine Crawler x2  
  112  7:16  Centrifical Hooks  
  112  7:17  Hydralisk Den  
  112  7:20  Drone x3  
  112  7:22  Zergling x4  
  116  7:23  Zergling x10  
  116  7:26  Overlord  
  121  7:31  Overlord  
  120  7:46  Hydralisk x3  
  120  7:47  Hydralisk x4  
  134  7:55  Grooved Spines  
  134  7:58  Hydralisk  
  134  8:00  Zergling x2  
  134  8:01  Zergling x14  
  143  8:08  Hydralisk x2  
  143  8:10  Baneling x5  
  143  8:11  Baneling  
  140  8:16  Hydralisk  
  140  8:17  Zergling x10  
  140  8:19  Baneling x2  
  139  8:20  Baneling  
  137  8:34  Hydralisk  
  137  8:35  Zergling x8  
  137  8:36  Zergling x6  
  137  8:40  Hydralisk, Drone  
  143  8:43  Baneling x3  

Tags
 
Add a new tag
Caveats
  • Supply blocks, unpowered buildings, or Contaminate may cause inaccurate times.
  • Supply counts are checked every 10 seconds.